 Dungeon Crawl Stone Soup version 0.20.0-15-g7f486f2 (webtiles) character file.

622 JohnnyMnemonic the Slasher (level 7, -2/57 HPs)
             Began as a Black Draconian Monk on July 4, 2017.
             Succumbed to a big kobold's poison
             ... on level 4 of the Dungeon.
             The game lasted 00:04:48 (3485 turns).

JohnnyMnemonic the Slasher (Black Draconian Monk)   Turns: 3485, Time: 00:04:48

Health: -2/57      AC:  7    Str: 13    XL:     7   Next: 22%
Magic:  9/9        EV: 12    Int: 17    God:
Gold:   244        SH:  5    Dex: 14    Spells: 6/6 levels left

rFire    + . .     SeeInvis .   a - +0 falchion
rCold    . . .     Gourm    .   n - +2 buckler
rNeg     . . .     Faith    +   (armour unavailable)
rPois    .         Spirit   .   (helmet restricted)
rElec    +         Reflect  .   (no cloak)
rCorr    .         Harm     .   w - +0 pair of gloves
MR       .....                  (no boots)
Stlth    +++.......             d - amulet of faith
Regen    0.2/turn               e - ring of stealth
MPRegen  0.2/turn               t - ring of protection from fire

@: brilliant, lethally poisoned (-2 -> -27), berserk cooldown, slowed, very slow
A: breathe lightning, unfitting armour, electricity resistance, cold-blooded, AC
+6
a: Breathe Lightning


You were on level 4 of the Dungeon.
You were hungry.

You visited 1 branch of the dungeon, and saw 4 of its levels.

You collected 244 gold pieces.

Inventory:

Hand Weapons
 a - a +0 falchion (weapon)
Armour
 n - a +2 buckler (worn)
 w - a +0 pair of gloves (worn)
Jewellery
 d - an amulet of faith (around neck)
 e - a ring of stealth (left hand)
 t - a ring of protection from fire (right hand)
Wands
 u - a wand of acid (10/15)
 y - a wand of random effects (27/48)
Scrolls
 g - 2 scrolls of identify {unknown}
 h - a scroll of immolation {unknown}
 j - a scroll of blinking {unknown}
 k - a scroll of random uselessness {unknown}
 m - 3 scrolls of fear {unknown}
 p - a scroll of teleportation {unknown}
 s - 2 scrolls of recharging {unknown}
 v - 2 scrolls of remove curse {unknown}
Potions
 i - a potion of invisibility
 o - a potion of flight {unknown}
 q - a potion of berserk rage
 x - 2 potions of magic
 A - a potion of haste {unknown}
Books
 r - a book of Minor Magic

   Spells                             Type                      Level
   a - Magic Dart                     Conjuration                  1
   b - Blink                          Translocation                2
   c - Call Imp                       Summoning                    2
   d - Slow                           Hexes                        2
   e - Conjure Flame                  Conjuration/Fire             3
   f - Mephitic Cloud                 Conjuration/Poison/Air       3
Miscellaneous
 c - a lightning rod (4/4)
Comestibles
 b - 2 bread rations
 f - 2 meat rations
 l - 3 royal jellies
 B - 3 fruits


   Skills:
 - Level 3.2 Fighting
 + Level 7.7 Long Blades
 - Level 2.6 Dodging
 - Level 1.7 Stealth
 + Level 3.0 Evocations


You had 6 spell levels left.
You didn't know any spells.

Dungeon Overview and Level Annotations

Branches:
Dungeon (4/15)
 Temple: D:4-7

Altars:
Vehumet
Yredelemnul


Innate Abilities, Weirdness & Mutations

You can breathe wild blasts of lightning.
Your glossy black scales are hard. (AC +6)
You cannot fit into any form of body armour.
You are resistant to electric shocks. (rElec)
You are cold-blooded and may be slowed by cold attacks.


Message History

Things that are here:
a dagger of venom; a club; a big kobold corpse You feel a strong urge to attack something.
* * * LOW HITPOINT WARNING * * *
You feel sick.
* * * LOW HITPOINT WARNING * * *
You feel sick.
You feel your anger subside.
You are no longer berserk.
You are exhausted.
You feel yourself slow down.
* * * LOW HITPOINT WARNING * * *
You feel sick.
* * * LOW HITPOINT WARNING * * *
You feel very sick.
It was a potion of magic.
Magic courses through your body.
* * * LOW HITPOINT WARNING * * *
You feel very sick.
It was a potion of brilliance.
You feel clever all of a sudden.
You die...

##......# #.#. #......# #.#.
#......# #.#. #......# #.#.
#......# ####### #.#. #.....##
###.....###.#. #.....# . #
######.......))..#. ########
....###)......#####)...#.
.#....######.....@....###≈≈≈####...
.'....#....###...######≈≈≈≈≈≈≈ ##.#
##..###......#### ≈≈≈≈≈≈≈≈###.#
##..#.......##..# ...##≈≈≈####..#
....'.......#...+ ... ##### ##.##
....#.......# ..# .. #..#
##..#.......###.# ########.##
##..######....#.#####+##..#..#..#
#.....#..#....'.)..............##


There were no monsters in sight!

Vanquished Creatures
  A black bear (D:2)
  An ogre (D:4)
  2 big kobolds
  A howler monkey (D:4)
  A hound (D:4)
  An orc wizard (D:2)
  A bullfrog skeleton (D:4)
  2 worker ants
  6 adders
  3 worms
  2 dart slugs
  A leopard gecko (D:2)
  2 orcs
  3 goblins (D:1)
  7 hobgoblins
  8 jackals (D:3)
  2 quokkas (D:2)
  A ball python (D:3)
  7 bats
  5 frilled lizards
  12 kobolds
  10 rats
79 creatures vanquished.

Vanquished Creatures (others)
  An adder zombie (D:2)
1 creature vanquished.

Grand Total: 80 creatures vanquished

Notes
Turn   | Place    | Note
-------+----------+-------------------------------------------
     0 | D:1      | JohnnyMnemonic the Draconian Monk began the quest for the Orb.
     0 | D:1      | Reached XP level 1. HP: 19/19 MP: 1/1
   403 | D:1      | Reached XP level 2. HP: 22/26 MP: 2/2
  1117 | D:1      | Reached skill level 4 in Long Blades
  1258 | D:2      | Reached XP level 3. HP: 26/31 MP: 3/3
  1537 | D:2      | Found a basalt altar of Yredelemnul.
  1538 | D:2      | Found a radiant altar of Vehumet.
  1567 | D:2      | Reached XP level 4. HP: 32/38 MP: 4/4
  1620 | D:2      | Found a transporter.
  1620 | D:2      | Noticed a black bear
  1620 | D:2      | Noticed a big kobold
  1626 | D:2      | Found a transporter.
  1654 | D:2      | Reached skill level 5 in Long Blades
  1662 | D:2      | Killed a black bear
  1662 | D:2      | Reached skill level 6 in Long Blades
  1662 | D:2      | Reached XP level 5. HP: 21/45 MP: 5/5
  1675 | D:2      | Reached XP level 6. HP: 26/51 MP: 6/6
  2165 | D:3      | Reached skill level 7 in Long Blades
  2501 | D:4      | Reached skill level 1 in Evocations
  3123 | D:4      | Your scales start taking on a glossy black colour.
  3123 | D:4      | Reached XP level 7. HP: 53/57 MP: 8/8
  3123 | D:4      | Gained mutation: You are resistant to electric shocks. (rElec) [Black Draconian growth]
  3484 | D:4      | HP: 1/57 [poisoned by a big kobold]
  3485 | D:4      | Succumbed to a big kobold's poison

Skill      XL: |  1  2  3  4  5  6  7 |
---------------+----------------------+-----
Long Blades    | 4 6 7 |  7.7
Evocations     | 2 3 |  3.0
Fighting       | |  3.2
Dodging        | |  2.6
Stealth        | |  1.7

Action                   |  1- 3 |  4- 6 |  7- 9 || total
-------------------------+-------+-------+-------++-------
Melee: Falchion          |    98 |   154 |    58 ||   310
       Tailslap          |     9 |    24 |     8 ||    41
  Use: Potion            |       |     4 |     3 ||     7
 Stab: Sleeping          |     6 |     8 |     1 ||    15
       Invisible         |       |     4 |       ||     4
       Distracted        |       |     1 |       ||     1
  Eat: Chunk             |     2 |     5 |     1 ||     8
Armor: Skin              |    19 |    51 |    17 ||    87
Dodge: Dodged            |    72 |   112 |    22 ||   206
Block: Buckler           |    11 |    36 |    11 ||    58
       Rpst.: Falchion   |    18 |    34 |    11 ||    63
